 Dungeon Crawl Stone Soup version 0.20-a0-269-g17f5411 (webtiles) character file.

14644 KristoblXynda the Unseen (level 11, -4/72 HPs)
             Began as a Vampire Enchanter on Dec 7, 2016.
             Was a High Priest of Dithmenos.
             Slain by a five-headed hydra (14 damage)
             ... on level 2 of the Lair of Beasts on Dec 8, 2016.
             The game lasted 00:56:12 (14009 turns).

KristoblXynda the Unseen (Vampire Enchanter)       Turns: 14009, Time: 00:56:13

Health: -4/72      AC:  7    Str:  8    XL:     11   Next: 91%
Magic:  8/16       EV: 17    Int: 28    God:    Dithmenos [*****.]
Gold:   532        SH:  7    Dex: 16    Spells: 7/20 levels left

rFire  . . .     SeeInvis +     E - +7 quick blade
rCold  + . .     Gourm    .     D - +2 robe
rNeg   + + .     Faith    .     F - +0 buckler
rPois  +         Spirit   .     k - +0 hat
rElec  .         Reflect  +     i - +2 cloak
rCorr  .         Harm     .     (no gloves)
MR     +....                    (no boots)
Stlth  ++++++++++               c - +2 amulet of reflection
                                b - ring "Lextuos" {+Blink rPois Int+7 Slay-4}
                                H - ring of stealth

@: regenerating slowly, wreathed by umbra
A: fangs 3, horns 1, see invisible, agile 1, blink, low mp 1, sense surroundings
1, unbreathing
a: Bat Form, Blink, Shadow Step, Shadow Form, Renounce Religion, Evoke Blink


You were on level 2 of the Lair of Beasts.
You worshipped Dithmenos.
Dithmenos was extremely pleased with you.
You were very thirsty.

You visited 3 branches of the dungeon, and saw 14 of its levels.
You also visited: Sewer, Ossuary and Ice Cave.

You collected 834 gold pieces.
You spent 302 gold pieces at shops.

Inventory:

Hand Weapons
 E - a +7 quick blade (weapon)
Missiles
 B - 3 throwing nets (quivered)
Armour
 i - a +2 cloak (worn)
 k - a +0 hat (worn)
 D - a +2 robe (worn)
 F - a +0 buckler (worn)
Jewellery
 b - the ring "Lextuos" (right hand) {+Blink rPois Int+7 Slay-4}
   (You found it on level 4 of the Dungeon)

   [ring of poison resistance]

   It affects your intelligence (+7).
   It affects your accuracy and damage with ranged weapons and melee attacks
   (-4).
   It protects you from poison.
   It lets you blink.
 c - a +2 amulet of reflection (around neck)
 e - an uncursed ring of positive energy
 f - a +2 ring of strength
 H - a ring of stealth (left hand)
Wands
 h - a wand of confusion (29/48)
 l - a wand of digging (9/24)
 y - a wand of confusion (30/48)
Scrolls
 g - 7 scrolls of remove curse
 q - a scroll of teleportation
 w - 3 scrolls of amnesia
Potions
 a - a potion of agility {unknown}
 d - 10 potions of blood
 j - a potion of cancellation
 o - 6 potions of cure mutation
 p - a potion of invisibility {unknown}
 r - 2 potions of haste
 u - 5 potions of curing
 x - a potion of brilliance {unknown}
 z - a potion of ambrosia
 A - 2 potions of might


   Skills:
 - Level 2.0 Fighting
 + Level 6.4 Short Blades
 - Level 7.8 Dodging
 - Level 15.0 Stealth
 - Level 4.0 Shields
 - Level 5.1 Spellcasting
 + Level 11.7 Hexes
 - Level 7.0 Charms
 - Level 4.2 Air Magic
 + Level 4.4 Invocations


You had 7 spell levels left.
You knew the following spells:

 Your Spells              Type           Power        Failure   Level  Hunger
a - Tukima's Dance        Hex            ######..     1%          3    #......
b - Ensorcelled Hibernat  Hex/Ice        #####.       1%          2    None
c - Confuse               Hex            ######..     1%          3    #......
d - Repel Missiles        Chrm/Air       #####.       1%          2    None
e - Regeneration          Chrm/Necr      ####......   6%          3    #......


Dungeon Overview and Level Annotations

Branches:
Dungeon (11/15)            Temple (1/1) D:5            Lair (2/6) D:11
    Orc (0/2) D:9
  Swamp: Lair:2-4    Shoals: Lair:2-4     Snake: Lair:2-4    Spider: Lair:2-4

Altars:
Ashenzari
Cheibriados
Dithmenos
Elyvilon
Fedhas
Gozag
Hepliaklqana
Kikubaaqudgha
Makhleb
Nemelex Xobeh
Okawaru
Qazlal
Ru
Sif Muna
Trog
Uskayaw
Vehumet
Xom
Yredelemnul
Zin
The Shining One

Shops:
D:4 [   D:7 (

Annotations:
Lair:2 exclusion: 2 oklob plants


Innate Abilities, Weirdness & Mutations

You heal slowly.
You have razor-sharp teeth.
You have supernaturally acute eyesight. (SInv)
You can survive without breathing.
You have a pair of small horns on your head.
You are agile. (Dex +2)
You can translocate small distances at will.
Your magical capacity is low. (-10% MP)
You passively map a small area around you.


Message History

Aim: a five-headed hydra (umbra, chance to defeat MR: 45%)
The five-headed hydra resists with some effort.
Casting: Confuse
Confirm with . or Enter, or press ? or * to list all spells.
Aiming: Confuse
Press: ? - help, Shift-Dir - straight line, f/p - five-headed hydra
Aim: a five-headed hydra (umbra, chance to defeat MR: 45%)
The five-headed hydra resists with some effort.
Okay, then.
Marking area around the oklob plant as unsafe for travelling.
An oklob plant comes into view.
Found a scroll labeled KOMAZE GIXI and 16 gold pieces.
Marking area around the oklob plant as unsafe for travelling.
An oklob plant comes into view.
Found 16 gold pieces.
You block the five-headed hydra's attack.
The five-headed hydra bites you!
* * * LOW HITPOINT WARNING * * *
The five-headed hydra bites you!
You die...

.............##
..............# ,
.............##
,*##.....#......#
#.....#.....P###
##.............# **
* *
##............###
#P...r..D........ ,
,
,.......@..........
#..........#PPP#..
, ,
###.###....#.r.# P
* * # ####.#P?$# ##
$P# ##


You could see a five-headed hydra and a porcupine (sleeping).

Vanquished Creatures
  Gastronok (D:8)
  The ghost of Mungo the Covert, a journeyman FoEE of Sif Muna (Lair:1)
  The ghost of Yakui the Carver, a journeyman HuGl of Makhleb (D:9)
  Harold (Lair:2)
  The ghost of Zorot the Demolition Demonspawn, a journeyman DsGl of Makhleb (D:10)
  Pikel (D:7)
  2 ugly things (IceCv)
  2 komodo dragons (Lair:1)
  A polar bear (D:8)
  3 trolls
  2 hippogriffs
  5 blink frogs (Lair:1)
  A spriggan (D:8)
  5 yaks
  A hungry ghost (D:10)
  Menkaure (D:7)
  A soldier ant (D:10)
  4 water moccasins
  6 ice beasts (IceCv)
  3 sky beasts
  A phantom (D:9)
  4 orc warriors
  A black bear (D:7)
  5 ogres
  2 centaurs
  A crocodile (Sewer)
  4 bullfrogs
  A gnoll sergeant (D:8)
  13 scorpions
  10 killer bees
  3 crimson imps
  A lava snake (D:9)
  A centaur zombie (Ossuary)
  2 quasits
  2 bullfrog skeletons
  2 orc priests
  A centaur skeleton (D:6)
  3 hounds
  A human zombie (Ossuary)
  5 orc wizards
  3 iguanas
  8 worker ants
  A big kobold zombie (Ossuary)
  A hound zombie (D:11)
  A hound skeleton (D:7)
  3 mummies (Ossuary)
  A worker ant zombie (D:8)
  Robin (D:3)
  2 howler monkey skeletons
  4 scorpion zombies (Ossuary)
  7 adders
  4 gnolls
  3 shadow imps
  2 oozes (D:1)
  An adder zombie (D:8)
  An adder skeleton (D:7)
  4 worms
  3 dart slugs
  4 leopard geckos
  32 orcs
  4 ball pythons
  2 giant cockroaches
  10 goblins
  15 hobgoblins
  13 jackals
  2 quokkas
  7 bats
  3 frilled lizards
  4 goblin zombies (Ossuary)
  2 hobgoblin zombies (Ossuary)
  A jackal zombie (D:6)
  20 kobolds
  A kobold zombie (Ossuary)
  A leopard gecko skeleton (D:8)
  An orc zombie (Ossuary)
  2 quokka skeletons
  A quokka zombie (D:7)
  27 rats
  A rat zombie (D:7)
  A fungus (Lair:1)
  A plant (D:1)
311 creatures vanquished.

Vanquished Creatures (others)
  A big kobold (D:7)
  A quokka (D:7)
  A fungus (Lair:1)
3 creatures vanquished.

Grand Total: 314 creatures vanquished

Notes
Turn   | Place    | Note
-------+----------+-------------------------------------------
     0 | D:1      | KristoblXynda the Vampire Enchanter began the quest for the Orb.
     0 | D:1      | Reached XP level 1. HP: 13/13 MP: 3/3
   397 | D:1      | Reached XP level 2. HP: 13/19 MP: 5/5
   438 | D:1      | Learned a level 2 spell: Ensorcelled Hibernation
   485 | D:1      | Reached skill level 5 in Stealth
   931 | D:1      | Reached skill level 5 in Hexes
   972 | D:1      | Reached XP level 3. HP: 16/24 MP: 3/6
  1786 | D:2      | Found a faded altar of an unknown god.
  1838 | D:2      | Learned a level 3 spell: Confuse
  2179 | D:2      | Reached XP level 4. HP: 30/30 MP: 7/7
  3101 | D:3      | Reached skill level 6 in Stealth
  3109 | D:3      | Reached XP level 5. HP: 35/35 MP: 0/8
  3269 | D:3      | Noticed Robin
  3772 | D:3      | Killed Robin
  3926 | D:4      | Found Zysynnic's Antique Armour Shoppe.
  3926 | D:4      | Found a shadowy altar of Dithmenos.
  3933 | D:4      | Bought an ominously black robe for 142 gold pieces
  3943 | D:4      | Identified the +0 robe of the Pink Corner {rC+} (You bought it in a shop on level 4 of the Dungeon)
  3952 | D:4      | Became a worshipper of Dithmenos the Shadowed
  3970 | D:4      | Got a smoking granite ring
  4101 | D:4      | Reached skill level 7 in Stealth
  4104 | D:4      | Reached * piety under Dithmenos
  4174 | D:4      | Noticed an ogre
  4220 | D:4      | Killed an ogre
  4220 | D:4      | Reached XP level 6. HP: 41/41 MP: 0/9
  4395 | D:5      | Entered Level 5 of the Dungeon
  4854 | D:5      | Found a staircase to the Ecumenical Temple.
  4859 | D:5      | Found a glowing drain.
  4888 | Sewer    | Entered a sewer
  5143 | Sewer    | Reached skill level 8 in Stealth
  5143 | Sewer    | Reached XP level 7. HP: 46/46 MP: 10/10
  5358 | D:5      | Found a hazy altar of Hepliaklqana.
  5363 | D:5      | Identified the ring "Lextuos" {+Blink rPois Int+7 Slay-4} (You found it on level 4 of the Dungeon)
  5444 | Temple   | Entered the Ecumenical Temple
  5728 | D:6      | Reached skill level 5 in Short Blades
  5769 | D:6      | Reached skill level 9 in Stealth
  5835 | D:6      | Gained mutation: Your magical capacity is low. (-10% MP) [potion of mutation]
  5835 | D:6      | Gained mutation: You expend magic power (3 MP) to strengthen your wands. [potion of mutation]
  5835 | D:6      | Gained mutation: You are frail. (-10% HP) [potion of mutation]
  5836 | D:6      | Lost mutation: You expend magic power (3 MP) to strengthen your wands. [potion of mutation]
  5836 | D:6      | Gained mutation: You can translocate small distances at will. [potion of mutation]
  5836 | D:6      | Gained mutation: You are agile. (Dex +2) [potion of mutation]
  5837 | D:6      | Gained mutation: You passively map a small area around you. [potion of mutation]
  5837 | D:6      | Lost mutation: You are frail. (-10% HP) [potion of mutation]
  5837 | D:6      | Gained mutation: You have a pair of small horns on your head. [potion of mutation]
  5925 | D:6      | Found a hide-covered altar of Uskayaw.
  5968 | D:6      | Reached skill level 1 in Invocations
  6110 | D:6      | Reached ** piety under Dithmenos
  6619 | D:7      | Reached XP level 8. HP: 52/52 MP: 11/11
  6651 | D:7      | Found a white marble altar of Elyvilon.
  6715 | D:7      | Found a hide-covered altar of Uskayaw.
  6775 | D:7      | Found a sand-covered staircase.
  6782 | Ossuary  | Entered an ossuary
  6873 | Ossuary  | Reached skill level 10 in Stealth
  7055 | Ossuary  | Learned a level 3 spell: Tukima's Dance
  7058 | Ossuary  | Learned a level 2 spell: Repel Missiles
  7376 | Ossuary  | Identified a scroll of acquirement
  7406 | Ossuary  | Reached skill level 11 in Stealth
  7592 | D:7      | Reached XP level 9. HP: 30/57 MP: 9/12
  7790 | D:7      | Found Daapocwa's Antique Weapon Shop.
  7798 | D:7      | Bought a glowing dagger for 160 gold pieces
  7832 | D:7      | Found an ancient bone altar of Kikubaaqudgha.
  7855 | D:7      | Reached skill level 1 in Charms
  8035 | D:7      | Noticed Pikel
  8043 | D:7      | Killed Pikel
  8043 | D:7      | Reached *** piety under Dithmenos
  8043 | D:7      | Reached skill level 5 in Dodging
  8071 | D:7      | Reached skill level 12 in Stealth
  8137 | D:7      | Noticed Menkaure
  8146 | D:7      | Killed Menkaure
  8475 | D:8      | Found a huge runed gate.
  8475 | D:8      | Found a huge runed gate.
  8475 | D:8      | Found a huge runed gate.
  8475 | D:8      | Found a huge runed gate.
  8475 | D:8      | Noticed a polar bear
  8475 | D:8      | Noticed a polar bear
  8475 | D:8      | Noticed a death yak
  8475 | D:8      | Noticed a polar bear
  8475 | D:8      | Noticed a polar bear
  8476 | D:8      | Noticed a polar bear
  8504 | D:8      | Noticed Gastronok
  8695 | D:8      | Killed Gastronok
  8695 | D:8      | Reached skill level 13 in Stealth
  8695 | D:8      | Reached skill level 5 in Charms
  8695 | D:8      | Reached XP level 10. HP: 38/63 MP: 5/13
  8967 | D:8      | Found a stormy altar of Qazlal.
  9064 | D:8      | Reached skill level 1 in Shields
  9075 | D:8      | Reached skill level 14 in Stealth
  9561 | D:9      | Noticed Yakui's ghost (journeyman HuGl)
  9590 | D:9      | Reached **** piety under Dithmenos
  9653 | D:9      | Got a brightly glowing glass ring
  9655 | D:9      | Identified the ring "Raimuer" {+Blink MP+9} (You found it on level 9 of the Dungeon)
 10233 | D:9      | Killed Yakui's ghost
 10374 | D:9      | Noticed a skeletal warrior
 10426 | D:9      | Reached skill level 15 in Stealth
 10426 | D:9      | Reached XP level 11. HP: 51/68 MP: 11/14
 10740 | D:9      | Found a staircase to the Orcish Mines.
 10792 | D:9      | Noticed a skeletal warrior
 10793 | D:9      | Noticed a skeletal warrior
 10793 | D:9      | Noticed a skeletal warrior
 10870 | D:9      | Noticed a skeletal warrior
 10880 | D:10     | Entered Level 10 of the Dungeon
 10893 | D:10     | Upgraded the game from 0.20-a0-268-gb6bde61 to 0.20-a0-269-g17f5411
 11160 | D:10     | Reached skill level 1 in Fighting
 11235 | D:10     | Noticed Zorot's ghost (journeyman DsGl)
 11256 | D:10     | Killed Zorot's ghost
 11670 | D:11     | Reached skill level 1 in Air Magic
 11775 | D:11     | Found a staircase to the Lair.
 11797 | Lair:1   | Entered Level 1 of the Lair of Beasts
 11869 | Lair:1   | Reached skill level 10 in Hexes
 11914 | Lair:1   | Reached ***** piety under Dithmenos
 11976 | Lair:1   | Learned a level 3 spell: Regeneration
 12026 | Lair:1   | Noticed Mungo's ghost (journeyman FoEE)
 12052 | Lair:1   | Killed Mungo's ghost
 12052 | Lair:1   | Reached skill level 5 in Spellcasting
 12270 | Lair:1   | Found a frozen archway.
 12279 | IceCv    | Entered an ice cave
 12279 | IceCv    | Noticed a white ugly thing
 12350 | IceCv    | Killed a green ugly thing
 12591 | IceCv    | Noticed a white ugly thing
 12594 | IceCv    | Killed a white ugly thing
 13438 | Lair:2   | Noticed Harold
 13446 | Lair:2   | Killed Harold
 13457 | Lair:2   | Noticed an eight-headed hydra
 13895 | Lair:2   | Noticed a five-headed hydra
 13897 | Lair:2   | HP: 2/72 [eight-headed hydra (14)]
 14004 | Lair:2   | Noticed an oklob plant
 14005 | Lair:2   | Noticed an oklob plant
 14009 | Lair:2   | Slain by a five-headed hydra

Vault maps used:
D:1:      roderic_crop_circles_arrival_small, minmay_pentomino_x2
D:2:      first_bread, chequers_ecumenical_altar_island,
          minmay_misc_feat_rugged, grunt_decor_mini_mirrors,
          kennysheep_generic_room_14
D:3:      uniq_robin
D:4:      grunt_dithmenos_smoke_and_mirrors, serial_shops, nicolae_shop_crystal,
          minmay_rat_hole
D:5:      kennysheep_mini_moat, portal_sewer_entry_a, grunt_ministairs_9
D:6:      eat_drink_and_be_merry_uskayaw, due_unseen_surprise
D:7:      nicolae_overflow_crystal_walls, overflow_temple_1_default,
          enter_ossuary_4, serial_shops, shop, basic_altar, uniq_pikel,
          uniq_menkaure
D:8:      lemuel_bear_cage, overflow_temple_1_default, the_bakery,
          uniq_gastronok
D:9:      hiddenorc1_lemuel, kennysheep_dice
D:11:     kennysheep_big_flooded_room, lair_entry_dummy
Temple:   minmay_freezing_vapour_temple
Lair:1:   portal_ice_cave_entry_pillars_1
Lair:2:   minmay_lair_oklob_chamber, grunt_megastairs_3, uniq_harold
Sewer:    sewer_the_crocodile
Ossuary:  ossuary_minmay_scorpions
IceCv:    ice_cave_statue_garden_teleport

Skill      XL: |  1  2  3  4  5  6  7  8  9 10 11 |
---------------+----------------------------------+-----
Stealth        | 5 6 7 8 9 11 13 15 | 15.0
Hexes          | 5 6 7 8 9 11 | 11.7
Short Blades   | 2 3 4 5 6 |  6.4
Spellcasting   | 3 5 |  5.1
Invocations    | 1 4 |  4.4
Dodging        | 4 7 |  7.8
Charms         | 5 7 |  7.0
Shields        | 3 4 |  4.0
Fighting       | 2 |  2.0
Air Magic      | 4 |  4.2

Action                   |  1- 3 |  4- 6 |  7- 9 | 10-12 || total
-------------------------+-------+-------+-------+-------++-------
Melee: Dagger            |   304 |   292 |   485 |    34 ||  1115
       Bite              |    27 |    28 |    50 |    45 ||   150
       Unarmed           |       |     2 |       |       ||     2
       Headbutt          |       |       |    88 |    78 ||   166
       Quick blade       |       |       |       |   468 ||   468
 Cast: Ensorcelled Hiber |    16 |    21 |    12 |    28 ||    77
       Confuse           |       |    10 |    36 |    64 ||   110
 Abil: End Transformatio |       |     3 |       |     5 ||     8
       Bat Form          |       |     3 |       |     5 ||     8
Evoke: Wand              |       |       |     1 |     1 ||     2
  Use: Potion            |     2 |     8 |    19 |    17 ||    46
       Scroll            |       |     6 |    11 |    18 ||    35
 Stab: Sleeping          |    19 |    26 |    30 |    42 ||   117
       Confused          |       |     5 |    26 |    53 ||    84
       Distracted        |       |       |       |     2 ||     2
Armor: Robe              |    40 |    84 |    56 |    60 ||   240
Dodge: Dodged            |   117 |   267 |   257 |   277 ||   918
Block: Buckler           |       |       |       |    50 ||    50
